[Event "Late-Titled-Tuesday-Blitz-January-30-2024"]
[Site "Chess.com"]
[Date "2024.01.30"]
[Round "6"]
[White "neri_gaite"]
[Black "IngOscarArdila"]
[Result "0-1"]
[WhiteElo "2019"]
[BlackElo "2320"]
[TimeControl "180+1"]
[EndTime "15:07:56 PST"]
[Termination "IngOscarArdila won on time"]

1. d4 Nf6 2. c4 c5 3. d5 b5 4. cxb5 a6 5. bxa6 Bxa6 6. Nc3 g6 7. e4 Bxf1 8. Kxf1 d6 9. Nf3 Bg7 10. g3 O-O 11. Kg2 Nbd7 12. Re1 Qa5 13. Qc2 Rfb8 14.
Nd2 Ng4 15. a4 Qb4 16. h3 Nge5 17. f4 Nc4 18. Nxc4 Qxc4 19. Qe2 Nb6 20. a5 Qxe2+ 21. Rxe2 Nc4 22. a6 Rb6 23. Rc2 Rbxa6 24. Rxa6 Rxa6 25. Nb5 Na5 26. Bd2 Nb3 27. Bc3 Rb6 28. Na3 Nd4 29. Bxd4 Bxd4 30. Nc4 Rb4 31. Kf3 Rb3+ 32.
Kg2 f5 33. e5 dxe5 34. fxe5 Kf7 35. g4 fxg4 36. hxg4 h5 37. gxh5 gxh5 38. Kf1 h4 39.
Kg2 Rg3+ 40. Kh1 Rg5 41. d6 exd6 42. exd6 Ke6 43. Re2+ Kd7 44. Re7+ Kd8 45. Rh7 Rg1+ 46. Kh2 Rc1 47. Nb6 Be5+ 48. Kh3 Bxd6 49. Rxh4 Rb1 50.
Nc4 Be7 51. Rh5 Rc1 52. Rd5+ Ke8 53. b3 Rc3+ 54. Kg4 Rxb3 55. Kf5 Rc3 56. Ne5 Rc1 57. Ke6 Rh1 58. Rd7 Rh6+ 59. Kd5 Rh5 0-1

[Event "Late-Titled-Tuesday-Blitz-January-30-2024"]
[Site "Chess.com"]
[Date "2024.01.30"]
[Round "6"]
[White "GianmarcoVaR"]
[Black "WindWhistler11"]
[Result "0-1"]
[WhiteElo "2657"]
[BlackElo "2500"]
[TimeControl "180+1"]
[EndTime "15:07:57 PST"]
[Termination "WindWhistler11 won on time"]

1. d4 Nf6 2. Nf3 e6 3. e3 a6 4.
Bb5 axb5 5. O-O Be7 6. Qe2 b4 7. e4 b6 8. e5 Ba6 9. Qd1 Ne4 10.
Re1 f5 11. exf6 Nxf6 12. Ne5 O-O 13. Qf3 Ra7 14. Nd2 Bb7 15. Qh3 Nc6 16. Nef3 Qe8 17.
Nf1 Bd6 18. Ne3 Bf4 19. b3 Ne7 20. a3 Ng6 21. Bb2 bxa3 22. Bxa3 Rxa3 23. Rxa3 Bd6 24. Ra7 Nf4 25. Qg3 Ne2+ 26. Rxe2 Bxg3 27. Rxb7 Bd6 28.
Ra7 Qb8 29. Ra1 Ne4 30. Nc4 Nc3 31. Re3 Nd5 32. Ree1 Nf4 33. Re3 Qb7 34. Rd1 Qd5 35.
Rd2 Qh5 36. Kf1 Ra8 37. Rd1 Qg4 38. g3 Qh3+ 39. Ke1 Ng2+ 40. Ke2 Nxe3 41. Nxe3 Qh5 42. d5 Ra2 43. h3 Bc5 44. g4 Qe8 45. dxe6 Qxe6 46. Nd4 Bxd4 47. Rxd4 Rxc2+ 48. Kf3 Qc6+ 49. Kg3 Rc5 50. Nf5 Qe6 51. Rf4 Rc3+ 52. Kh4 Qf6+ 53.
Kh5 Rxh3+ 0-1

[Event "Late-Titled-Tuesday-Blitz-January-30-2024"]
[Site "Chess.com"]
[Date "2024.01.30"]
[Round "6"]
[White "tarno17"]
[Black "Herman-NY"]
[Result "0-1"]
[WhiteElo "2103"]
[BlackElo "2488"]
[TimeControl "180+1"]
[EndTime "15:07:58 PST"]
[Termination "Herman-NY won by checkmate"]

1. e4 e5 2. Nf3 Nc6 3. Bb5 a6 4. Ba4 Nf6 5. O-O Be7 6. Re1 b5 7. Bb3 O-O 8. d4 d6 9. h3 Nxd4 10. Nxd4 exd4 11. a4 Bb7 12. Nd2 c5 13. c4 b4 14. Bc2 a5 15. b3 Re8 16. Nf1 Bf8 17.
Ng3 g6 18. Bf4 Bg7 19. Qf3 h6 20. h4 h5 21. Bg5 Re5 22. Bd3 Qe7 23. Re2 Re8 24.
Rae1 Rxg5 25. hxg5 Nh7 26. Qf4 Be5 27. Qd2 Qxg5 28.
Kh2 Qh4+ 29. Kg1 Ng5 30. Rf1 Bf4 31. Qd1 Re5 32. Bc2 Bxg3 33. fxg3 Qxg3 34. Qe1 Qg4 35. Qf2 Nh3+ 36. Kh1 Nxf2+ 37. Rexf2 Re7 38. Kg1 Bxe4 39. Bxe4 Qxe4 40. Rf4 Qe3+ 41. Kh2 d3 42. R1f3 Qe2 43. Rf2 d2 44. Rxe2 Rxe2 45. Rf6 d1=Q 46. Rf3 Qd4 47.
Rg3 Qf4 48. Kh3 Qxg3+ 49. Kxg3 Re3+ 50. Kh4 Rxb3 51. g3 Rc3 52. g4 Rxc4 53. Kg5 Kg7 54. gxh5 f6# 0-1

[Event "Late-Titled-Tuesday-Blitz-January-30-2024"]
[Site "Chess.com"]
[Date "2024.01.30"]
[Round "6"]
[White "emeli_chess"]
[Black "DonJuanEGenaro"]
[Result "0-1"]
[WhiteElo "2469"]
[BlackElo "2040"]
[TimeControl "180+1"]
[EndTime "15:07:59 PST"]
[Termination "DonJuanEGenaro won by resignation"]

1. d4 Nf6 2. c4 c5 3. d5 e6 4. Nc3 exd5 5. cxd5 d6 6. Nf3 g6 7. h3 Bg7 8. e4 O-O 9. Bd3 Na6 10. O-O Nc7 11. Re1 a6 12. a4 b6 13.
Bg5 h6 14. Bf4 Rb8 15. e5 Nh5 16. Bh2 dxe5 17. Nxe5 Bb7 18. Nc6 Bxc6 19. dxc6 Bd4 20.
Qg4 Nf6 21. Qh4 Kg7 22. Ne4 Rc8 23. Nxf6 Qxf6 24. Qxf6+ Kxf6 25. Rab1 b5 26. axb5 axb5 27. b4 c4 28. Be4 Rfe8 29. Bf3 Rxe1+ 30. Rxe1 Ne6 31. Kf1 c3 32. Rc1 Be5 33. Bxe5+ Kxe5 34. Rxc3 Nd4 35. Rc5+ Ke6 36. Ke1 Nxf3+ 37. gxf3 Kd6 38. Rxb5 Rxc6 39. Rb7 Ke6 40. Kd2 Rc4 41. b5 Rb4 42. Rb8 Kf5 43. b6 Kf4 44. Ke2 Rb2+ 45. Kd3 Kxf3 46.
Kc3 Rb1 47. b7 Kxf2 48. Kc4 f5 49. Kc5 f4 50. Kc6 f3 51. Rg8 g5 52. Rg6 Kg2 53. h4 f2 54. Rf6 f1=Q 55. Rxf1 Kxf1 56. hxg5 hxg5 0-1

[Event "Late-Titled-Tuesday-Blitz-January-30-2024"]
[Site "Chess.com"]
[Date "2024.01.30"]
[Round "6"]
[White "HajiyevKanan"]
[Black "N_Mullodzhanov"]
[Result "0-1"]
[WhiteElo "2558"]
[BlackElo "2456"]
[TimeControl "180+1"]
[EndTime "15:08:00 PST"]
[Termination "N_Mullodzhanov won on time"]

1. d4 Nf6 2. Nf3 g6 3. c4 Bg7 4. g3 O-O 5. Bg2 d6 6. O-O c5 7. b3 Nc6 8. Bb2 Nxd4 9. Nxd4 cxd4 10. Bxd4 Qc7 11. Nc3 a6 12. Rc1 Be6 13. Qd2 Ng4 14.
Bxg7 Kxg7 15. Bd5 Bf5 16. h3 Ne5 17. g4 Bd7 18. f4 Qc5+ 19. Kh2 Nc6 20. Ne4 Qd4 21.
Bxc6 Qxd2 22. Nxd2 Bxc6 23. e4 e5 24. f5 f6 25. Kg3 b5 26. Kf3 a5 27. cxb5 Bxb5 28. Rc7+ Rf7 29. Rfc1 Bd7 30. Nc4 Ra6 31. Rd1 gxf5 32.
gxf5 d5 33. Rxd5 Be6 34. Rxf7+ Bxf7 35. Rd7 Kg8 36. Nd6 Bh5+ 37. Kg3 Rc6 38. Kh4 Be2 39. Rd8+ Kg7 40. Ne8+ Kf7 41. Rc8 Rb6 42. Nc7 Rc6 43. Kg3 Ba6 44. Ra8 Bb7 45. Rxa5 Rxc7 46. Ra7 Rc3+ 47.
Kh4 Rc7 48. a4 Re7 49. a5 Bxe4 0-1

[Event "Late-Titled-Tuesday-Blitz-January-30-2024"]
[Site "Chess.com"]
[Date "2024.01.30"]
[Round "6"]
[White "igorknyazev"]
[Black "subham777"]
[Result "0-1"]
[WhiteElo "2148"]
[BlackElo "2493"]
[TimeControl "180+1"]
[EndTime "15:08:01 PST"]
[Termination "subham777 won by checkmate"]

1. e4 e6 2. d4 d5 3. exd5 exd5 4. Bd3 Nf6 5. Nf3 Bd6 6. c4 O-O 7. c5 Re8+ 8. Be3 Bf4 9. Qd2 Ng4 10. Ne5 Nxe5 11.
dxe5 Rxe5 12. O-O Bxe3 13. fxe3 Qe7 14. Nc3 Qxc5 15. Rf3 c6 16. Raf1 Be6 17. Kh1 Rh5 18. e4 Nd7 19. Be2 Qd6 20. Rg3 Qxg3 21. Bxh5 Qe5 22.
Bf3 d4 23. Ne2 c5 24. Nf4 Nf6 25. Nxe6 fxe6 26. Qd3 a6 27. a4 Rf8 28. Rc1 b6 29. Qxa6 Qf4 30. Re1 Qd2 31. Qe2 Qxe2 32. Rxe2 Nd7 33.
Kg1 Ne5 34. Kf2 g5 35. h3 h5 36. Kg3 h4+ 37. Kf2 d3 38. Rd2 c4 39. Ke3 Nxf3 40.
gxf3 e5 41. Rg2 Ra8 42. Rxg5+ Kf7 43. Rxe5 Rxa4 44. Rb5 Ra1 45. Rxb6 Re1+ 46. Kd2 Re2+ 47. Kd1 Rc2 48. Rb4 Ke6 49. Rb5 Kd6 50. f4 Kc6 51. Rb8 Kc5 52. f5 Kd4 53. e5 Ke3 54. Ra8 Rf2 55.
Ke1 d2+ 56. Kd1 Rf1+ 57. Kc2 d1=Q+ 58. Kc3 Qb3# 0-1

[Event "Late-Titled-Tuesday-Blitz-January-30-2024"]
[Site "Chess.com"]
[Date "2024.01.30"]
[Round "6"]
[White "GMG"]
[Black "SantoBlue"]
[Result "0-1"]
[WhiteElo "2810"]
[BlackElo "2979"]
[TimeControl "180+1"]
[EndTime "15:08:02 PST"]
[Termination "SantoBlue won on time"]

1. Nf3 d6 2. d4 Nf6 3. c4 g6 4. g3 Bg7 5. Bg2 O-O 6. Nc3 c6 7. O-O Qb6 8. Qb3 Qa6 9. e4 Bg4 10. Be3 Bxf3 11. Bxf3 Nbd7 12. Be2 c5 13. d5 h5 14. h3 Qa5 15. Kg2 a6 16. a4 Qc7 17.
f4 Nh7 18. Rad1 Rae8 19. Qc2 Qa5 20. e5 dxe5 21. f5 gxf5 22. Rxf5 Ndf6 23. Rff1 e6 24. d6 Rd8 25. g4 Ne8 26. Bd3 Nhf6 27. g5 Nd7 28. Bh7+ Kh8 29. Be4 f5 30. Qe2 fxe4 31. Qxh5+ Kg8 32. Rxf8+ Nxf8 33. Rf1 Nxd6 34. g6 Qc7 35. Nxe4 Qc6 36. Rxf8+ Kxf8 37. Qf3+ Kg8 38.
Nxc5 Qxf3+ 39. Kxf3 Nxc4 40. Bf2 Rf8+ 41. Kg2 e4 42. Nxe4 Nxb2 43. h4 Nxa4 44. h5 Rf5 45.
Ng3 Rg5 46. Be3 Re5 47. Bf4 Rd5 48. h6 e5 49. h7+ Kh8 50. Be3 Rd6 0-1

[Event "Late-Titled-Tuesday-Blitz-January-30-2024"]
[Site "Chess.com"]
[Date "2024.01.30"]
[Round "6"]
[White "Alex_Banzea"]
[Black "h4parah5"]
[Result "0-1"]
[WhiteElo "2630"]
[BlackElo "2908"]
[TimeControl "180+1"]
[EndTime "15:08:05 PST"]
[Termination "h4parah5 won on time"]

1. d4 Nf6 2. Nc3 d5 3. Bf4 a6 4. e3 h6 5. Bd3 e6 6. Nf3 c5 7.
dxc5 Nc6 8. O-O Bxc5 9. e4 O-O 10. e5 Nd7 11. Qd2 f6 12. exf6 Qxf6 13. Bg3 Bb4 14. a3 Ba5 15. b4 Bb6 16. Rae1 a5 17. Na4 Ba7 18. b5 Nd4 19. Ne5 Nf5 20. Nxd7 Bxd7 21. Be5 Qe7 22. b6 Bb8 23. Nc3 Nd6 24. Bg3 Qf7 25.
Ne2 Qf6 26. Nd4 Kh8 27. Be5 Ne4 28. Rxe4 Bxe5 29. Rxe5 Qxe5 30. Nf3 Qf6 31. Re1 a4 32. Ne5 Be8 33. g3 Rc8 34. f4 Qe7 35. h4 Qxa3 36.
Qf2 Qc5 37. Qxc5 Rxc5 38. Ra1 Ra5 39. Ra3 g6 40. Kf2 Kg7 41. Ke3 Bf7 42. Kd4 Rc8 43. c3 Be8 44. Be2 Kf6 45. Bd3 g5 46. fxg5+ hxg5 47. Ra1 gxh4 48. gxh4 a3 49. Rf1+ Ke7 50. Ra1 a2 51. Bc2 Rca8 52. Bb3 Ra3 53. Bc2 Ba4 54. Rf1 Bxc2 55. Rf7+ Ke8 56. Rxb7 a1=Q 0-1

[Event "Late-Titled-Tuesday-Blitz-January-30-2024"]
[Site "Chess.com"]
[Date "2024.01.30"]
[Round "6"]
[White "Seochesspie"]
[Black "Jospem"]
[Result "1-0"]
[WhiteElo "2865"]
[BlackElo "3049"]
[TimeControl "180+1"]
[EndTime "15:08:06 PST"]
[Termination "Seochesspie won by checkmate"]

1. d4 Nf6 2. Bg5 e6 3. Nd2 Be7 4. e3 h6 5. Bh4 d6 6. Ngf3 Nbd7 7. c3 b6 8. Bd3 Bb7 9. O-O g5 10. Bg3 Rg8 11. e4 h5 12. h4 gxh4 13. Bxh4 Ng4 14.
Bxe7 Qxe7 15. a4 a5 16. b4 h4 17. Qe2 Nf8 18. e5 Ng6 19. Bxg6 Rxg6 20. bxa5 Rxa5 21. Nc4 Ba6 22. Qa2 h3 23. g3 Bb7 24. Nh2 Ra6 25.
exd6 cxd6 26. Qb2 Kf8 27. Qb4 Nf6 28. Qxd6 Qxd6 29. Nxd6 Bc6 30. c4 Ke7 31. Nb5 Rg8 32. Rfb1 Rd8 33. Rd1 Raa8 34. f3 Bxb5 35. cxb5 Rdc8 36.
Ng4 Nxg4 37. fxg4 Rc3 38. Kh2 Rc2+ 39. Kh1 Rc3 40. Kh2 Rc2+ 41. Kh1 Kd6 42. Rf1 Rg8 43. Rxf7 Rxg4 44. Rb7 Rxd4 45. Rxb6+ Kd7 46. Rb7+ Ke8 47.
Rh7 Rcc4 48. b6 Rb4 49. a5 Rb2 50. Rc1 Kf8 51. Rc8+ Rd8 52. Rxd8# 1-0

[Event "Late-Titled-Tuesday-Blitz-January-30-2024"]
[Site "Chess.com"]
[Date "2024.01.30"]
[Round "6"]
[White "aghasiyevkamal"]
[Black "Hrant_ChessMood"]
[Result "1-0"]
[WhiteElo "2672"]
[BlackElo "2894"]
[TimeControl "180+1"]
[EndTime "15:08:06 PST"]
[Termination "aghasiyevkamal won on time"]

1. d4 d5 2. c4 e6 3. Nc3 Nf6 4. cxd5 exd5 5. Bg5 Be7 6. e3 O-O 7. Bd3 h6 8. Bh4 c6 9. Qc2 Ne8 10. Bxe7 Qxe7 11. Nge2 Nd6 12. O-O a5 13. Rae1 Na6 14. a3 Nc7 15. Ng3 Be6 16. f3 Ncb5 17. Nxb5 Nxb5 18.
Bxb5 cxb5 19. e4 Rfc8 20. Qd2 Qc7 21. Rf2 Qc4 22. e5 b4 23. f4 bxa3 24. f5 a2 25.
fxe6 fxe6 26. Nh5 Qa4 27. Qf4 Rc7 28. Rff1 Qe8 29. Qg4 Kh7 30. Rf6 Rac8 31. Rxe6 Qf7 32. Nf6+ Kh8 33. Qf5 gxf6 34. Rxf6 Qh7 35. Rf8+ Rxf8 36.
Qxf8+ Qg8 37. Qxh6+ Rh7 38. Qf6+ Rg7 39. Qh6+ Qh7 40.
Qxh7+ Kxh7 41. Ra1 Rc7 42. Rxa2 b6 43. b4 axb4 44.
Ra6 Rc6 45. Ra4 Rc4 46. Ra6 Rc6 47. Ra4 Rc4 48. Ra6 Rxd4 49. Rxb6 Re4 50. Kf2 Kg7 51.
Kf3 Kf7 52. g4 Rc4 53. h4 1-0

[Event "Late-Titled-Tuesday-Blitz-January-30-2024"]
[Site "Chess.com"]
[Date "2024.01.30"]
[Round "6"]
[White "Ali_rastbod"]
[Black "jlf287"]
[Result "1-0"]
[WhiteElo "2692"]
[BlackElo "2526"]
[TimeControl "180+1"]
[EndTime "15:08:07 PST"]
[Termination "Ali_rastbod won on time"]

1. a3 d5 2. h3 e5 3. b4 Nf6 4.
Bb2 Bd6 5. e3 O-O 6. c4 c6 7. d3 Re8 8. Nd2 Nbd7 9. Be2 Nf8 10.
Ngf3 Ng6 11. Qc2 Bd7 12. Rd1 Rc8 13. O-O Qe7 14. c5 Bb8 15. e4 Nf4 16. Rfe1 Nxe2+ 17. Rxe2 d4 18. Nc4 Nh5 19. Bc1 Qf6 20. Nh2 Nf4 21.
Bxf4 Qxf4 22. Qc1 Qxc1 23. Rxc1 Re6 24. Rec2 Bc7 25. Nf1 g6 26. Nfd2 f5 27. f3 Rf8 28.
a4 Bd8 29. Rb1 Bg5 30. b5 Be3+ 31. Nxe3 dxe3 32. Nc4 f4 33. Nd6 Bc8 34. bxc6 bxc6 35.
Kf1 Ba6 36. Ke2 Re7 37. Rcb2 Rd8 38. Rb8 Rd7 39. R1b4 Kg7 40. h4 h6 41. Rb3 Kf6 42.
Rb1 Ke6 43. R8b4 Rxd6 44. cxd6 Rxd6 45. R4b3 c5 46. Rc3 c4 47. dxc4 Rd2+ 48. Kf1 Kd6 49. Kg1 Kc5 50. Rcc1 Rd4 51. Rb8 Rxc4 52. Rxc4+ Kxc4 53. Kf1 Kd4+ 54. Ke1 e2 55. Rg8 1-0

[Event "Late-Titled-Tuesday-Blitz-January-30-2024"]
[Site "Chess.com"]
[Date "2024.01.30"]
[Round "6"]
[White "yaguigor"]
[Black "Vasily85"]
[Result "1/2-1/2"]
[WhiteElo "2620"]
[BlackElo "2491"]
[TimeControl "180+1"]
[EndTime "15:08:08 PST"]
[Termination "Game drawn by repetition"]

1. Nf3 Nf6 2. c4 c5 3. Nc3 d5 4. cxd5 Nxd5 5. d4 e6 6. e4 Nxc3 7. bxc3 cxd4 8. cxd4 Bb4+ 9. Bd2 Bxd2+ 10. Qxd2 O-O 11. Bc4 Nd7 12. O-O b6 13. d5 Nc5 14.
Rfe1 exd5 15. Bxd5 Bb7 16. Rad1 Qe7 17. Bxb7 Qxb7 18. e5 h6 19. h4 Ne6 20. Qe3 Rfd8 21.
Rd6 Rdc8 22. Red1 Rc5 23. Nd4 Nxd4 24. R1xd4 Re8 25. Rd8 Rc8 26. R8d7 Rc7 27. Rd8 Re7 28. Rxe8+ Rxe8 29. f4 Qe7 30. h5 Qh4 31. Qf3 Qe1+ 32. Kh2 Qh4+ 33. Qh3 Qxh3+ 34. Kxh3 Rc8 35. Rd7 Rc3+ 36.
g3 Ra3 37. Rd2 Kf8 38. Kg4 Ke7 39. f5 Ra4+ 40. Kf3 Ra3+ 41. Kf4 Ra4+ 42. Ke3 Ra3+ 43. Kf4 b5 44. g4 Ra4+ 45. Kf3 b4 46. Rc2 a5 47.
Rc7+ Ke8 48. Rc2 Kd7 49. Rd2+ Ke7 50. Rc2 Kd7 51. Rd2+ Ke7 52. Rc2 Kd7 1/2-1/2

[Event "Late-Titled-Tuesday-Blitz-January-30-2024"]
[Site "Chess.com"]
[Date "2024.01.30"]
[Round "6"]
[White "VitaliyChayka"]
[Black "StellarChess"]
[Result "0-1"]
[WhiteElo "2419"]
[BlackElo "2548"]
[TimeControl "180+1"]
[EndTime "15:08:08 PST"]
[Termination "StellarChess won by checkmate"]

1. d4 g6 2. Bf4 Bg7 3. e3 d6 4.
Nf3 Nf6 5. h3 O-O 6. Be2 Nbd7 7.
O-O c5 8. c3 b5 9. Nbd2 a6 10.
Bd3 Bb7 11. e4 cxd4 12. cxd4 e5 13. dxe5 dxe5 14. Be3 Qe7 15. Rc1 Rfc8 16. Qe2 Nc5 17. Bxc5 Rxc5 18. Rxc5 Qxc5 19. Nb3 Qe7 20. Na5 Re8 21.
Nxb7 Qxb7 22. Rc1 Nd7 23. Qc2 Bf8 24. Qc6 Qxc6 25. Rxc6 Nc5 26. Bc2 Ne6 27. Rxa6 Rc8 28. Bd3 Nc5 29. Bxb5 Nxa6 30. Bxa6 Rc1+ 31. Kh2 Rc2 32.
Nxe5 Bd6 33. f4 Bxe5 34. fxe5 Rxb2 35. Bc4 Kf8 36. e6 fxe6 37. Bxe6 Ke7 38. Bg8 h6 39. Kg3 Kf6 40. Bd5 Ke5 41. a4 Rb1 42.
Bf7 g5 43. Kg4 Kf6 44. Bd5 Rb4 45. Bc6 Rc4 46. Bd5 Rxa4 47. Kh5 Rd4 48. Kxh6 Rd3 49.
Kh5 Rg3 50. h4 Ke5 51. hxg5 Rxg2 52. Kh6 Rg1 53. Bc6 Rc1 54. Bd5 Rg1 55. Bb7 Rg3 56.
g6 Kf6 57. g7 Rh3# 0-1

[Event "Late-Titled-Tuesday-Blitz-January-30-2024"]
[Site "Chess.com"]
[Date "2024.01.30"]
[Round "6"]
[White "Elsa167"]
[Black "mishanick"]
[Result "1-0"]
[WhiteElo "2882"]
[BlackElo "3117"]
[TimeControl "180+1"]
[EndTime "15:08:09 PST"]
[Termination "Elsa167 won by resignation"]

1. Nf3 d5 2. g3 g6 3. Bg2 Bg7 4.
d4 c6 5. O-O Nf6 6. c3 O-O 7.
a4 Nbd7 8. a5 c5 9. Qa4 b6 10.
axb6 Nxb6 11. Qa5 cxd4 12. cxd4 Ne4 13. Nc3 Nxc3 14. bxc3 Bg4 15. Ba3 Qd7 16. Bc5 Nc4 17. Qa6 Rfb8 18. Rfb1 Bf5 19. Rxb8+ Rxb8 20. Nh4 Bg4 21.
e4 Be6 22. exd5 Bxd5 23. Bxd5 Qxd5 24. Qxa7 Re8 25. Qa4 Kf8 26. Qb3 Be5 27. Ra4 Rb8 28.
Bb4 Bd6 29. Ng2 Qe6 30. Ne3 Rc8 31. Bxd6 Nxd6 32. Qxe6 fxe6 33. c4 Kf7 34. c5 Ne4 35.
Nc4 Kf6 36. Ne5 Nc3 37. Rc4 Nb5 38. c6 h5 39. h4 Kf5 40. Rc5 Nxd4 41. c7 Kf6 42.
Nd7+ Kf7 43. Nb6 Nb3 44. Rc3 Rxc7 45. Rxc7 Nd4 46. Nc8 Kf6 47. Nxe7 Nf3+ 48. Kh1 Ne1 49. Ng8+ Ke5 50. Rg7 Nd3 51. Kg1 Kf5 52. Ne7+ Kf6 53.
Rxg6+ Kxe7 54. Rg5 Ne1 55. Rxh5 Kf6 56. Rh8 Nf3+ 57.
Kg2 Ne5 58. Rf8+ Kg7 59. Ra8 Kf7 60. f4 Kf6 61. fxe5+ 1-0

[Event "Late-Titled-Tuesday-Blitz-January-30-2024"]
[Site "Chess.com"]
[Date "2024.01.30"]
[Round "6"]
[White "Doomfist26"]
[Black "ATM622"]
[Result "1-0"]
[WhiteElo "2610"]
[BlackElo "2455"]
[TimeControl "180+1"]
[EndTime "15:08:09 PST"]
[Termination "Doomfist26 won by resignation"]

1. e4 c6 2. Nc3 d5 3. Qf3 dxe4 4. Nxe4 Nf6 5. Bc4 e6 6. Ne2 Nbd7 7. d4 Nxe4 8. Qxe4 Nf6 9. Qh4 Be7 10. Bd2 a5 11. O-O-O a4 12. f3 b5 13. Bd3 b4 14.
Qe1 b3 15. a3 bxc2 16. Bxc2 Qb6 17. Nf4 Rb8 18. Bc3 Qb5 19. h4 Bd7 20. g4 Nd5 21.
Nxd5 cxd5 22. g5 O-O 23. Rg1 Rfc8 24. h5 Qc4 25. Rd3 Qa2 26. g6 fxg6 27. hxg6 h6 28.
Bb1 Qa1 29. Kd2 Rxb2+ 30. Bxb2 Qxb2+ 31. Ke3 Rf8 32. f4 Bd6 33. Rg4 Bb5 34. Rc3 h5 35. Rh4 Be7 36. Rh1 Bd6 37. Rf1 Be7 38. Rf3 Bc4 39.
Rc2 Qb3+ 40. Kf2 Qb5 41. Rcc3 Bh4+ 42. Rg3 Rxf4+ 43. Kg2 Rf6 44. Rce3 Bf1+ 45. Kg1 Bxg3 46. Qxg3 Qc6 47. Qg5 Rf8 48. Qxh5 Rf6 49. Qh7+ Kf8 50. Qh8+ Ke7 51. Qxg7+ Kd6 52. Qxf6 Qc1 53. Qd8+ Kc6 54. Qc8+ Kb6 55. Qxc1 1-0

[Event "Late-Titled-Tuesday-Blitz-January-30-2024"]
[Site "Chess.com"]
[Date "2024.01.30"]
[Round "6"]
[White "ChristopherYoo"]
[Black "Evgeny81"]
[Result "1-0"]
[WhiteElo "2936"]
[BlackElo "2732"]
[TimeControl "180+1"]
[EndTime "15:08:11 PST"]
[Termination "ChristopherYoo won on time"]

1. d4 Nf6 2. c4 e6 3. Nc3 Bb4 4. a3 Bxc3+ 5. bxc3 O-O 6. Bg5 h6 7. Bh4 d6 8. f3 Nbd7 9. e4 e5 10. Bd3 c5 11. Ne2 cxd4 12. cxd4 exd4 13. Nxd4 Qa5+ 14. Qd2 Qe5 15. Be2 Nc5 16. Bg3 Qe7 17. Nf5 Bxf5 18. Bxd6 Nfxe4 19. fxe4 Qh4+ 20. g3 Qxe4 21. Qd5 Rfe8 22.
O-O Qxd5 23. cxd5 Rxe2 24. Rxf5 Ne4 25. Re5 Rd8 26. Bc7 Rd7 27. Re8+ Kh7 28. d6 Nxg3 29. Rd8 Rxd8 30. Bxd8 Nf5 31. Rd1 Nxd6 32. Rxd6 Ra2 33. Rd3 g5 34. Rd7 Kg6 35. Be7 Ra1+ 36. Kg2 Ra2+ 37.
Kg3 f5 38. Rxb7 f4+ 39. Kf3 Kh5 40. Rxa7 Rxh2 41. a4 Rh3+ 42. Kf2 Kg4 43. Ra6 Rh2+ 44. Kg1 Ra2 45. Rxh6 Rxa4 46. Rg6 Ra1+ 47. Kf2 Ra2+ 48. Ke1 Ra1+ 49. Kd2 Ra5 50. Bf6 Rd5+ 51. Ke2 Ra5 52. Bd8 Ra2+ 53. Kd3 Ra3+ 54. Kd4 Ra4+ 55. Kd3 Ra3+ 56.
Ke4 Ra4+ 57. Kd5 f3 58. Rxg5+ Kh3 59. Bb6 1-0

[Event "Late-Titled-Tuesday-Blitz-January-30-2024"]
[Site "Chess.com"]
[Date "2024.01.30"]
[Round "6"]
[White "MrTattaglia"]
[Black "Szparu"]
[Result "0-1"]
[WhiteElo "2953"]
[BlackElo "2797"]
[TimeControl "180+1"]
[EndTime "15:08:12 PST"]
[Termination "Szparu won by resignation"]

1. d4 d5 2. c4 e6 3. Nc3 Nf6 4. cxd5 exd5 5. Bg5 c6 6. e3 Bd6 7. Bd3 O-O 8. Qc2 h6 9. Bh4 Re8 10. Nge2 a5 11. a3 Na6 12. h3 Nc7 13. O-O Ne6 14.
Rab1 Bd7 15. Bg3 Qb8 16. b4 axb4 17. axb4 Nh5 18. Bxd6 Qxd6 19. Na4 Ng5 20. Nc5 Bc8 21. f4 Ne6 22. Qd2 Nf6 23. Ng3 b6 24. Nb3 Ba6 25.
Nf5 Qf8 26. Nc1 Ne4 27. Qc2 c5 28. Bxa6 Rxa6 29. dxc5 bxc5 30. b5 Ra3 31. Rb3 c4 32. Rxa3 Qxa3 33. Ne2 h5 34. Qc1 Qd3 35. Re1 g6 36.
Nfd4 Nxd4 37. Nxd4 c3 38. Qc2 Qc4 39. b6 Nc5 40. Rb1 Rxe3 41. Nf3 Re7 42. Ne5 Qxf4 43. Nxg6 Qe3+ 44. Kh1 fxg6 45. Qxg6+ Rg7 46. Qxh5 Qe4 47. Rg1 c2 48. Qh6 Nd3 49. b7 Rxb7 50. Qc6 Rg7 51. Qxc2 Nf4 52. Qf2 Nxh3 53. Qf1 Nxg1 54. Qxg1 Qh4+ 55.
Qh2 Qxh2+ 56. Kxh2 Rf7 57. Kg1 Kf8 0-1

[Event "Late-Titled-Tuesday-Blitz-January-30-2024"]
[Site "Chess.com"]
[Date "2024.01.30"]
[Round "6"]
[White "JulAnt"]
[Black "Hui_Li_Macau"]
[Result "0-1"]
[WhiteElo "2524"]
[BlackElo "2356"]
[TimeControl "180+1"]
[EndTime "15:08:13 PST"]
[Termination "Hui_Li_Macau won on time"]

1. d4 d5 2. c4 e6 3. Nc3 Nf6 4. Bf4 c5 5. cxd5 Nxd5 6. Nxd5 Qxd5 7. Nf3 Nc6 8. dxc5 Qxd1+ 9. Rxd1 Bxc5 10. e3 Ke7 11.
Bb5 Bb4+ 12. Ke2 f6 13. a3 Ba5 14. Bd6+ Kf7 15. Rc1 Bd7 16. Rhd1 Rhd8 17. h4 Be8 18. g4 Rac8 19. Bg3 Rxd1 20. Rxd1 Rd8 21. Rxd8 Bxd8 22. Kd3 Ke7 23. h5 Ne5+ 24. Nxe5 Bxb5+ 25. Nc4 Ba5 26. b4 Bd8 27. Kc3 Bxc4 28. Kxc4 a6 29.
e4 Kd7 30. f3 g6 31. Bf2 Kc6 32. a4 b5+ 33. axb5+ axb5+ 34. Kc3 Be7 35. f4 f5 36. hxg6 hxg6 37. gxf5 gxf5 38. exf5 exf5 39. Kd4 Kd6 40. Be1 Bf6+ 41. Kd3 Kd5 42. Bd2 Bd4 43. Bc1 Bf2 44. Bd2 Bb6 45. Bc1 Bc7 46. Be3 Bb8 47. Bc1 Bc7 48. Be3 Bd8 49. Bc1 Be7 50. Bd2 Bd6 51. Ke3 Kc4 0-1

[Event "Late-Titled-Tuesday-Blitz-January-30-2024"]
[Site "Chess.com"]
[Date "2024.01.30"]
[Round "6"]
[White "FairChess_on_YouTube"]
[Black "JSPrepz"]
[Result "1-0"]
[WhiteElo "3085"]
[BlackElo "2856"]
[TimeControl "180+1"]
[EndTime "15:08:16 PST"]
[Termination "FairChess_on_YouTube won on time"]

1. e4 e5 2. Nf3 Nc6 3. d4 exd4 4. Nxd4 Nf6 5. Nxc6 bxc6 6. Qe2 Be7 7. e5 Nd5 8. Qg4 g6 9. Qg3 d6 10. Bd3 dxe5 11.
Qxe5 O-O 12. O-O Bf6 13. Qg3 Re8 14. Nd2 Nb4 15. Ne4 Nxd3 16. Nxf6+ Qxf6 17. cxd3 Bf5 18. h4 Qd6 19. Bf4 Qxd3 20. Qg5 Qd8 21.
Qh6 Re4 22. Rad1 Qf8 23. f3 Qxh6 24. Bxh6 Rxh4 25. Bg5 Rb4 26. b3 Kg7 27. Rfe1 h6 28.
Bd2 Rb5 29. Re7 Rc8 30. Rde1 Rd5 31. Bc3+ Kf8 32. Bf6 Be6 33. R1xe6 fxe6 34. Rh7 Ke8 35. Re7+ Kf8 36. Rh7 Re8 37. Rxc7 Rf5 38. Bg7+ Kg8 39. Bxh6 a5 40. Rxc6 Kf7 41. Bd2 Ra8 42. Rc7+ Ke8 43. Rg7 a4 44. Rg8+ Rf8 45. Rxg6 axb3 46. axb3 Kd7 47.
Rg7+ Kc6 48. Be3 Ra3 49. Re7 Kd6 50. Rb7 Ra1+ 51. Kf2 Ra2+ 52. Kg3 Rg8+ 53. Kf4 Rgxg2 54. Rb6+ Kd7 55. b4 Rge2 56. Bc5 e5+ 57. Kf5 Ra3 58. Rd6+ Kc7 59. b5 Rxf3+ 60. Ke6 Rc2 61. b6+ Kb7 62.
Rd7+ Ka6 63. Ra7+ Kb5 64. b7 Rxc5 65. b8=Q+ Kc4 66. Ra4+ Kd3 67. Qb3+ Rc3 68. Qd5+ 1-0

[Event "Late-Titled-Tuesday-Blitz-January-30-2024"]
[Site "Chess.com"]
[Date "2024.01.30"]
[Round "6"]
[White "ArchibaldCerveza29"]
[Black "CarlosjPineror"]
[Result "0-1"]
[WhiteElo "2488"]
[BlackElo "2686"]
[TimeControl "180+1"]
[EndTime "15:08:16 PST"]
[Termination "CarlosjPineror won by checkmate"]

1. b3 Nf6 2. Bb2 c5 3. g3 e6 4. Bg2 Be7 5. e3 O-O 6. Ne2 Nc6 7. O-O b6 8. d3 Bb7 9. Nd2 d5 10. h3 Qc7 11. a3 Rac8 12. Kh2 e5 13. e4 dxe4 14.
dxe4 Rcd8 15. Qe1 Nd4 16. Rc1 Ba6 17. c4 Bb7 18. Nc3 Rfe8 19. Nd5 Nxd5 20. cxd5 Ba6 21.
Rh1 Bg5 22. Nf3 Bxc1 23. Qxc1 Nxb3 24. Qc2 Na5 25. Nh4 Nc4 26. Nf5 Nxb2 27. Qxb2 Bc8 28. Ne3 a6 29. Rf1 b5 30. f4 c4 31. Qc3 Bd7 32.
Kh1 f6 33. f5 Qc5 34. Rd1 Rb8 35. d6 Bc6 36. Nd5 Red8 37. Ne7+ Kh8 38. Qf3 Be8 39.
Rd5 Qb6 40. Qd1 Bf7 41. Rd2 Rd7 42. Nd5 Bxd5 43. Rxd5 Rbd8 44. Qh5 Kg8 45. Kh2 Rxd6 46. h4 Qc7 47. Qd1 c3 48. Qc2 Rxd5 49. exd5 Qc5 50.
Kh3 Qxa3 51. Qf2 Qd6 52. Qc2 Qc5 53. Qb3 Rd6 54. Qa2 c2 55. Qa5 c1=Q 56. Qa2 Q1c2 57.
Qa5 Qxg2+ 58. Kxg2 Qxd5+ 59. Kh3 e4 60. Qc7 Qxf5+ 61.
Kh2 Rd2+ 62. Kg1 Qf2+ 63. Kh1 Qg2# 0-1